 Dungeon Crawl Stone Soup version 0.30-a0-330-g8f2769a82d (webtiles) character file.

Game seed: 16849810579053470563

43 Engwar the Insei (level 3, 0/23 HPs)
             Began as an Octopode Transmuter on Oct 29, 2022.
             Slain by a goblin
             ... wielding a +0 club
             ... led by Robin
              (6 damage)
             ... on level 2 of the Dungeon.
             The game lasted 00:02:28 (1273 turns).

Engwar the Insei (Octopode Transmuter)              Turns: 1273, Time: 00:02:28

Health: 0/23       AC:  1    Str:  9    XL:     3   Next: 58%
Magic:  6/6        EV: 13    Int: 17    God:
Gold:   97         SH:  0    Dex: 12    Spells: 0/6 levels left

rFire   . . .      SeeInvis .      - Unarmed
rCold   . . .      Faith    .    (no shield)
rNeg    . . .      Spirit   .    (helmet restricted)
rPois   .          Reflect  .    (no amulet)
rElec   .          Harm     .    (no ring)
rCorr   .          Rampage  .    (no ring)
Will    .....                    (no ring)
Stlth   +++.......               (no ring)
HPRegen 0.23/turn                (no ring)
MPRegen 0.10/turn                (no ring)
                                 (no ring)
                                 (no ring)

@: no status effects
A: almost no armour, amphibious, 8 rings, camouflage 1, gelatinous body 1,
(nimble swimmer 1), tentacles
a: no special abilities


You were on level 2 of the Dungeon.
You visited 1 branch of the dungeon, and saw 2 of its levels.

You collected 97 gold pieces.

Inventory:

Jewellery
 e - an amulet of magic regeneration
Scrolls
 g - a scroll of immolation {unknown}
Potions
 a - a potion of lignification
 b - a potion of brilliance {unknown}
 c - 2 potions of curing {unknown}
 f - a potion of attraction {unknown}


   Skills:
 - Level 1.0 Fighting
 - Level 2.0 Dodging
 * Level 2.5 Stealth
 + Level 3.5 Unarmed Combat
 - Level 2.0 Spellcasting
 + Level 2.6 Transmutations
 + Level 0.5 Poison Magic


You couldn't memorise any spells.
You knew the following spells:

 Your Spells              Type           Power      Damage    Failure   Level
a - Beastly Appendage     Tmut           20%        N/A       7%          1
b - Wereblood             Tmut           10%        N/A       10%         2
c - Spider Form           Tmut/Pois      6%         N/A       30%         3

Your spell library contained the following spells:

 Spells                   Type           Power      Damage    Failure   Level
 Portal Projectile        Hex/Tloc       2%         N/A       50%         3
 Tukima's Dance           Hex            1%         N/A       50%         3
 Ice Form                 Ice/Tmut       6%         N/A       75%         4
 Blade Hands              Tmut           5%         N/A       88%         5


Dungeon Overview and Level Annotations

Branches:
Dungeon (2/15)

Altars:

Annotations:
D:2 Robin


Innate Abilities, Weirdness & Mutations

You cannot wear most types of armour.
You are amphibious.
You can wear up to eight rings at the same time.
Your skin changes colour to match your surroundings (Stealth+).
Your rubbery body absorbs attacks. (AC +1, EV +1)
((You are camouflaged when in or above water. (Stealth+)))
You have tentacles for arms and can constrict up to eight enemies at once.


Message History

You squeeze the goblin.
You feel a bit better.
You kill the goblin!
The goblin unwields a +0 sling.
The goblin wields a +0 club.
The goblin hits you with a +0 club.
A hobgoblin comes into view. x2
The endoplasm attacks as you move away! The endoplasm misses you.
The goblin attacks as you move away! The goblin barely misses you.
Your transformation is almost over.
The goblin unwields a +0 club.
The goblin wields a +0 sling.
The goblin shoots a sling bullet.
The sling bullet hits you.
You hear a shout!
The goblin shoots a sling bullet.
The sling bullet hits you.
You hear a shout!
As you read the scroll of fear, it crumbles to dust.
You assume a fearsome visage.
The goblin looks frightened! x4
The endoplasm looks frightened!
Robin throws the goblin at you!
* * * LOW HITPOINT WARNING * * *
Your primal bloodlust is almost over.
The goblin hits you with a +0 club.
* * * LOW HITPOINT WARNING * * *
The goblin closely misses you.
Your tentacle spike disappears.
The goblin attacks as you move away! The goblin misses you.
You tentacle-slap the plant.
The plant begins to die.
You grab the plant. You squeeze the plant.
The plant is lightly damaged.
You constrict the plant. The goblin barely misses you.
You release your grip on the plant.
Your primal bloodlust has ended.
Robin roars a battlecry!
You hear a shout!
The goblin no longer looks unusually strong.
Robin roars a battlecry!
The goblin goes into a battle-frenzy!
The goblin attacks as you move away! The goblin closely misses you.
A nearby plant withers and dies.
The goblin attacks as you move away! The goblin closely misses you.
The goblin attacks as you move away! The goblin hits you with a +0 club.
You die...

#..........................###.
#...P.........P..P...P.........
#..♣♣♣...♣♣♣P..♣♣♣..P♣♣♣...####
#.. ♣.g.♣ ♣P..♣ ♣...♣ ♣...#
#..♣♣♣..g♣♣♣P.P♣♣♣P..♣♣♣...#
..P..P...P...P......PP....#
..............)..........##
##########....###...######
##.g@.....## ##########


You could see Robin, a hobgoblin and a goblin (strong).

Vanquished Creatures
  A worm (D:2)
  A dart slug (D:1)
  5 ball pythons
  4 bats (D:1)
  A giant cockroach (D:2)
  5 goblins
  6 hobgoblins
  3 kobolds (D:1)
  A quokka (D:1)
  A frilled lizard (D:1)
  3 rats (D:1)
31 creatures vanquished.

Vanquished Creatures (others)
  48 plants (D:2)
48 creatures vanquished.

Grand Total: 79 creatures vanquished

Notes
Turn   | Place    | Note
-------+----------+-------------------------------------------
     0 | D:1      | Engwar the Octopode Transmuter began the quest for the Orb.
     0 | D:1      | Reached XP level 1. HP: 13/13 MP: 3/3
    88 | D:1      | Reached skill level 1 in Stealth
   236 | D:1      | Reached XP level 2. HP: 14/18 MP: 5/5
   244 | D:1      | Learned a level 2 spell: Wereblood
   620 | D:1      | Reached XP level 3. HP: 17/23 MP: 6/6
   624 | D:1      | Learned a level 3 spell: Spider Form
  1248 | D:2      | Noticed Robin
  1273 | D:2      | Slain by a goblin

Illustrated notes

Levels and vault maps discovered:
D:1:      dpeg_arrival_pits, layout_basic, minmay_3d_cube
D:2:      layout_loops_corners, basic_altar, kennysheep_boxes, uniq_robin

Skill      XL: |  1  2 |
---------------+-------+-----
Stealth        | 1 2 |  2.5
Fighting       | |  1.0
Dodging        | |  2.0
Unarmed Combat | |  3.5
Spellcasting   | |  2.0
Transmutations | |  2.6
Poison Magic   | |  0.5

Action                   || total
-------------------------++-------
Melee: Unarmed           ||    64
       Constrict         ||    23
       Tentacles         ||    12
       Kick              ||     7
       Punch             ||     1
 Cast: Beastly Appendage ||     6
       Wereblood         ||     1
  Use: Scroll            ||     2
 Stab: Sleeping          ||     8
Armor: Skin              ||     7
Dodge: Dodged            ||    40

Table legend: (Time is in decaauts)
 A = Elapsed time spent in this place.
 B = Non-inter-level travel time spent in this place.
 C = Inter-level travel time spent in this place.
 D = Time resting spent in this place.
 E = Time spent auto-exploring this place.
 F = Levels seen in this place.
 G = Mean time per level.
                   A        B        C        D        E       F      G
               +--------+--------+--------+--------+--------+-----+--------+
         Total |   1269 |   1242 |     27 |      0 |    980 |   2 |  634.5 |
       Dungeon |   1269 |   1242 |     27 |      0 |    980 |   2 |  634.5 |
               +--------+--------+--------+--------+--------+-----+--------+

Top non-repeatable levels by time:
     D:1: 854 daAuts
     D:2: 414 daAuts
